Map: Frozen Temple

Players

LiquidMaNa (MaNa) - Winner!

  • Race: Protoss Protoss
  • League: Master

Reynor

  • Race: Zerg Zerg
  • League: Master

Event: DreamHack ZOWIE Open Valencia 2016

VOD

Have the link to the VOD?

Description

Time

  • Played on: July 14, 2016, 12:48 p.m.
  • Length: 10:10

All games in this series

Show
View Real Time Build Order
Export as new Build Order

LiquidMaNa Protoss - Winner!

Build Orders:  

Get SALT Encoding   

  12  0:00  Probe (Chrono Boost)  
  13  0:11  Probe (Chrono Boost)  
  14  0:17  Pylon  
  14  0:22  Probe (Chrono Boost)  
  16  0:35  Probe (Chrono Boost)  
  16  0:38  Gateway  
  16  0:46  Probe (Chrono Boost)  
  17  0:53  Assimilator  
  17  0:56  Probe (Chrono Boost)  
  18  1:07  Probe (Chrono Boost)  
  19  1:14  Gateway  
  19  1:21  Probe (Chrono Boost)  
  20  1:26  Cybernetics Core  
  20  1:32  Probe (Chrono Boost)  
  21  1:33  Pylon  
  21  1:53  Nexus  
  21  2:01  Adept  
  21  2:02  Adept  
  25  2:10  Probe (Chrono Boost)  
  25  2:12  Warp Gate  
  26  2:19  Assimilator  
  27  2:23  Probe (Chrono Boost)  
  27  2:28  Stalker  
  27  2:34  Probe (Chrono Boost)  
  30  2:38  Pylon  
  30  2:45  Probe (Chrono Boost)  
  31  2:57  Probe (Chrono Boost)  
  32  3:07  Probe (Chrono Boost)  
  32  3:09  Twilight Council  
  33  3:17  Adept x2  
  33  3:18  Probe (Chrono Boost)  
  34  3:29  Probe (Chrono Boost)  
  34  3:30  Mothership Core (Chrono Boost)  
  34  3:33  Resonating Glaives  
  39  3:48  Probe (Chrono Boost)  
  39  3:53  Probe (Chrono Boost)  
  39  3:59  Probe (Chrono Boost)  
  40  4:05  Probe (Chrono Boost), Gateway  
  40  4:08  Pylon  
  40  4:09  Probe (Chrono Boost)  
  43  4:17  Probe (Chrono Boost)  
  43  4:20  Adept x2, Probe (Chrono Boost)  
  48  4:28  Gateway  
  48  4:29  Probe (Chrono Boost)  
  48  4:30  Probe (Chrono Boost)  
  50  4:33  Pylon  
  50  4:41  Probe x2 (Chrono Boost)  
  52  4:48  Nexus  
  53  4:53  Probe (Chrono Boost)  
  53  4:55  Sentry x2  
  53  4:57  Probe (Chrono Boost)  
  58  5:05  Probe (Chrono Boost)  
  58  5:06  Adept  
  61  5:10  Robotics Facility  
  61  5:18  Assimilator x2  
  61  5:20  Adept  
  61  5:21  Adept  
  65  5:25  Probe (Chrono Boost)  
  65  5:26  Probe (Chrono Boost)  
  67  5:28  Adept  
  67  5:29  Adept  
  61  5:37  Pylon  
  61  5:42  Adept x2  
  65  5:47  Probe (Chrono Boost)  
  65  5:49  Adept  
  69  5:51  Adept  
  71  5:58  Probe x2 (Chrono Boost)  
  68  6:11  Adept x4  
  68  6:16  Probe (Chrono Boost)  
  68  6:17  Probe (Chrono Boost)  
  72  6:25  Probe (Chrono Boost)  
  73  6:27  Probe (Chrono Boost)  
  74  6:35  Adept x2  
  74  6:36  Adept x2  
  74  6:37  Blink  
  74  6:38  Probe (Chrono Boost)  
  80  6:40  Probe (Chrono Boost)  
  80  6:44  Probe (Chrono Boost)  
  75  6:49  Forge, Probe (Chrono Boost)  
  75  6:50  Warp Prism  
  75  6:52  Probe (Chrono Boost)  
  79  6:54  Probe (Chrono Boost)  
  79  6:57  Sentry x4  
  88  7:03  Pylon  
  88  7:09  Pylon  
  88  7:12  Pylon  
  88  7:20  Protoss Ground Weapons Level 1  
  88  7:22  Stalker x2  
  90  7:24  Observer  
  90  7:26  Assimilator  
  90  7:27  Stalker, Assimilator  
  90  7:29  Photon Cannon  
  97  7:31  Probe x2 (Chrono Boost)  
  97  7:34  Photon Cannon  
  97  7:40  Probe (Chrono Boost)  
  97  7:41  Gateway  
  97  7:43  Probe (Chrono Boost)  
  99  7:48  Adept x2  
  99  7:51  Adept  
  98  8:08  Pylon x2  
  98  8:09  Pylon  
  94  8:21  Pylon x2  
  94  8:22  Pylon  
  94  8:27  Stalker x3  
  96  8:44  Adept  
  98  8:51  Adept x3  
  102  8:56  Photon Cannon  
  102  9:00  Pylon  
  102  9:02  Cybernetics Core  
  101  9:12  Stalker x2  
  105  9:26  Stalker  
  99  9:36  Adept x2  
  101  9:51  Nexus  
  100  10:00  Adept x3  
Show
View Real Time Build Order
Export as new Build Order

Reynor Zerg 

Build Orders: Hatch First 

Get SALT Encoding   

  12  0:00  Drone  
  13  0:12  Overlord  
  13  0:18  Drone  
  14  0:23  Drone, Extractor  
  15  0:31  Drone  
  15  0:35  Drone  
  17  0:51  Drone  
  18  1:06  Hatchery  
  18  1:09  Drone  
  18  1:11  Drone, Extractor  
  18  1:19  Spawning Pool  
  18  1:23  Drone  
  18  1:28  Drone  
  19  1:39  Overlord  
  19  1:49  Drone  
  20  2:06  Queen  
  20  2:07  Zergling x2  
  23  2:15  Drone  
  23  2:16  Metabolic Boost  
  23  2:17  Queen  
  23  2:19  Zergling x2  
  23  2:22  Zergling x2  
  29  2:30  Drone  
  29  2:36  Zergling x2  
  30  2:40  Zergling x2  
  31  2:45  Overlord  
  31  2:50  Zergling x2  
  32  2:53  Queen  
  32  2:55  Zergling x2  
  33  3:01  Drone  
  32  3:07  Drone  
  32  3:12  Zergling x2  
  33  3:14  Overlord  
  33  3:19  Zergling x6  
  34  3:25  Drone  
  35  3:30  Drone  
  37  3:34  Drone  
  37  3:36  Drone  
  37  3:37  Hatchery  
  37  3:39  Drone  
  38  3:41  Drone x2  
  40  3:48  Drone  
  40  3:51  Overlord  
  41  3:57  Spore Crawler  
  41  3:58  Drone  
  41  4:00  Evolution Chamber  
  41  4:01  Spore Crawler  
  41  4:02  Drone  
  40  4:06  Drone  
  40  4:07  Drone  
  42  4:11  Overlord  
  41  4:19  Drone x3  
  41  4:20  Zergling x2  
  41  4:22  Zergling x2  
  41  4:23  Zergling x2  
  47  4:29  Zerg Melee Weapons Level 1  
  47  4:33  Drone x2  
  47  4:34  Drone  
  50  4:39  Zergling x6  
  50  4:40  Zergling x2  
  50  4:44  Overlord  
  50  4:45  Drone  
  55  4:50  Drone  
  55  4:51  Drone  
  57  4:57  Spore Crawler  
  57  4:59  Zergling x2  
  56  5:00  Drone x2  
  56  5:01  Drone x2  
  56  5:03  Drone  
  61  5:09  Drone x4  
  61  5:13  Zergling x2  
  66  5:16  Extractor  
  66  5:17  Drone  
  66  5:20  Lair  
  66  5:23  Drone  
  66  5:24  Drone  
  66  5:26  Spine Crawler, Extractor  
  66  5:27  Zergling x2  
  64  5:31  Zergling x2  
  64  5:32  Drone  
  63  5:37  Zergling x2  
  63  5:39  Overlord  
  63  5:41  Drone x4  
  63  5:42  Drone  
  69  5:46  Zergling x2  
  69  5:47  Zergling x2  
  69  5:49  Zergling x4  
  72  5:50  Zergling x4  
  68  5:58  Zergling x2  
  68  6:01  Zergling x4  
  71  6:07  Zergling x2  
  71  6:09  Zergling x4  
  66  6:11  Drone x2  
  66  6:14  Zergling x2  
  66  6:15  Zergling x6  
  66  6:18  Zergling x2  
  70  6:24  Zergling x6  
  70  6:25  Overseer  
  71  6:26  Zergling x2  
  71  6:30  Zergling x4  
  72  6:37  Zergling x2  
  72  6:38  Zergling x2  
  72  6:39  Zergling x2  
  67  6:47  Zergling x6  
  67  6:48  Zergling x4  
  67  6:51  Zergling x2  
  73  6:56  Overseer  
  73  6:58  Zergling x4  
  75  7:02  Drone  
  75  7:05  Extractor  
  75  7:07  Hydralisk Den  
  74  7:11  Drone x2  
  74  7:12  Drone  
  77  7:20  Drone x2  
  79  7:23  Overlord  
  79  7:24  Drone x2, Overlord  
  81  7:32  Overlord  
  81  7:34  Overlord  
  81  7:41  Hydralisk x2  
  81  7:42  Hydralisk x3  
  91  7:44  Hydralisk  
  91  7:47  Hydralisk  
  94  7:53  Hydralisk  
  94  7:56  Zergling x2  
  94  7:57  Hydralisk x2  
  97  8:00  Zergling x2  
  97  8:03  Zergling x2  
  98  8:06  Hydralisk  
  68  8:29  Hydralisk  
  68  8:32  Hydralisk x2  
  70  8:36  Zergling x4  
  70  8:39  Hydralisk  
  71  8:44  Zergling x2  
  71  8:46  Zergling x2  
  69  8:57  Zergling x2  
  69  8:58  Zergling x8  
  69  9:00  Zergling x4  
  77  9:02  Zergling x2  
  76  9:10  Drone  
  76  9:11  Drone x2  
  76  9:12  Drone  
  77  9:18  Drone  
  77  9:21  Drone  
  72  9:28  Zergling x2  
  62  9:40  Zergling x10  
  62  9:44  Zergling x4  

Tags
 
Add a new tag
Caveats
  • Supply blocks, unpowered buildings, or Contaminate may cause inaccurate times.
  • Supply counts are checked every 10 seconds.